[Event "EIWCC 2018"]
[Site "Vysoke Tatry"]
[Date "2018.04.11"]
[Round "4"]
[White "Szczepkowska, Karina"]
[Black "Ilyuchyk, Yana"]
[Result "1/2-1/2"]
[ECO "E94"]
[WhiteElo "2403"]
[BlackElo "2098"]
[Annotator "ChessBase"]
[PlyCount "83"]
[EventDate "2018.??.??"]
[EventType "swiss"]
[EventCountry "SVK"]
[SourceTitle "playchess.com"]
[Source "ChessBase"]
[SourceQuality "1"]
[TimeControl "40/5400+30:1800+30"]

1. d4 Nf6 2. c4 d6 3. Nc3 Nbd7 4. e4 e5 5. Nf3 g6 6. Be2 Bg7 7. O-O O-O 8. Be3 Qe7 9. d5 Nc5 10. Nd2 a5 11. b3 Ne8 12. a3 f5 13. f3 Nf6 14. Rb1 Bd7 15. b4 axb4 16. axb4 Na4 17. Nxa4 Rxa4 18. c5 Ra3 19. Bf2 Bh6 20. Nc4 Ra2 21. c6 bxc6 22. dxc6 Be6 23. exf5 gxf5 24. Ra1 Rxa1 25. Qxa1 Nd5 26. Rb1 Qg7 27. Bf1 Nf4 28. g3 Bd5 29. Qc3 Ne6 30. b5 Nd4 31. Bxd4 exd4 32. Qd3 Kh8 33. Bg2 Bxc4 34. Qxc4 Be3+ 35. Kh1 f4 36. g4 d3 37. Qxd3 Ra8 38. Bf1 Ra1 39. Qe4 Rxb1 40. Qxb1 Qe5 41. Bd3 h6 42. Kg2 1/2-1/2

[Event "EIWCC 2018"]
[Site "Vysoke Tatry"]
[Date "2018.04.11"]
[Round "4"]
[White "Hoolt, Sarah"]
[Black "Ionescu, Irina"]
[Result "1/2-1/2"]
[ECO "C26"]
[WhiteElo "2393"]
[BlackElo "2247"]
[Annotator "NA"]
[PlyCount "79"]
[EventDate "2018.??.??"]
[EventType "swiss"]
[EventCountry "SVK"]
[SourceTitle "playchess.com"]
[Source "ChessBase"]
[SourceQuality "1"]
[TimeControl "40/5400+30:1800+30"]

1. e4 e5 2. Nc3 Nf6 3. g3 d5 4. exd5 Nxd5 5. Bg2 Nxc3 6. bxc3 Bd6 7. Nf3 O-O 8. O-O Nc6 9. Rb1 Bg4 {[%emt 0:06:52] C47: Scotch Four Knights and Four Knights with 4 g3} (9... Rb8 10. d3 Bf5 11. h3 b6 12. Ng5 Qd7 13. g4 Bg6 14. h4 f6 15. h5 Be8 16. Ne4 h6 17. Ng3 {0-1 (45) Chigaev,M (2560)-Kuzubov,Y (2689) Batumi 2018}) 10. h3 Bh5 11. Qe1 Rb8 12. d3 {[%emt 0:02:00] LiveBook: 5 Games} Re8 13. Nh4 $146 ({Predecessor:} 13. Ng5 Bg6 14. Rxb7 Rxb7 15. Bxc6 Rb1 16. Bxe8 Qxe8 17. c4 Qc6 18. Qe2 h6 19. Nf3 e4 20. dxe4 {1-0 (28) Polihroniade,E (2110)-Khadilkar,V Thessaloniki 1984}) 13... Bc5 (13... f6 $11 {remains equal.}) 14. Rb5 Bb6 15. Bxc6 bxc6 16. Rxe5 Qd7 17. g4 f6 18. Re4 Bf7 19. c4 h5 20. Kh1 Rxe4 21. Qxe4 Re8 22. Qf3 hxg4 23. hxg4 Be6 24. Rg1 Kf7 25. Nf5 Rh8+ 26. Kg2 Bxf5 $16 27. gxf5 Qd4 28. Be3 Qe5 29. Rh1 Rxh1 30. Kxh1 Bxe3 31. fxe3 Qa1+ 32. Kg2 Qxa2 33. Qxc6 Qxc2+ 34. Kg3 Qxd3 35. Qxc7+ Kg8 36. Qxa7 Qxc4 37. Qa8+ Kh7 38. Qh1+ Kg8 39. Qa8+ Kh7 40. Qh1+ 1/2-1/2

[Event "EIWCC 2018"]
[Site "Vysoke Tatry"]
[Date "2018.04.11"]
[Round "4"]
[White "Badelka, Olga"]
[Black "Sargsyan, Anna M."]
[Result "1-0"]
[ECO "D19"]
[WhiteElo "2375"]
[BlackElo "2276"]
[Annotator "ChessBase"]
[PlyCount "86"]
[EventDate "2018.??.??"]
[EventType "swiss"]
[EventCountry "SVK"]
[SourceTitle "playchess.com"]
[Source "ChessBase"]
[SourceQuality "1"]
[TimeControl "40/5400+30:1800+30"]

1. d4 d5 2. c4 c6 3. Nf3 Nf6 4. Nc3 dxc4 5. a4 Bf5 6. e3 e6 7. Bxc4 Bb4 8. O-O Nbd7 9. Qe2 O-O 10. e4 Bg6 11. e5 Nd5 12. Nxd5 cxd5 13. Bd3 Bxd3 14. Qxd3 Be7 15. Bd2 a5 16. Qb5 Ra7 17. Rac1 Nb8 18. g3 Nc6 19. h4 f6 20. exf6 Bxf6 21. Qd3 Qb6 22. Bc3 Raa8 23. Rfe1 Rae8 24. Re3 Qc7 25. Rce1 Qd7 26. Qe2 Kf7 27. b3 Re7 28. Bb2 Rc8 29. Ba3 Ree8 30. Qd2 Kg8 31. Kg2 g6 32. Rd3 Qg7 33. Bd6 b6 34. Rh1 Red8 35. Bf4 e5 36. dxe5 Nxe5 37. Bxe5 Bxe5 38. Rxd5 Bf6 39. Rc1 Qf7 40. Rxc8 Rxc8 41. Rd7 Bc3 42. Qd6 Qf6 43. Qd5+ Kh8 1-0

[Event "EIWCC 2018"]
[Site "Vysoke Tatry"]
[Date "2018.04.11"]
[Round "4"]
[White "Balajayeva, Khanim"]
[Black "Chernyak, Viktoria"]
[Result "0-1"]
[ECO "C16"]
[WhiteElo "2348"]
[BlackElo "2196"]
[Annotator "NA"]
[PlyCount "102"]
[EventDate "2018.??.??"]
[EventType "swiss"]
[EventCountry "SVK"]
[SourceTitle "playchess.com"]
[Source "ChessBase"]
[SourceQuality "1"]
[TimeControl "40/5400+30:1800+30"]

1. e4 e6 2. d4 d5 3. Nc3 Bb4 4. e5 Ne7 5. a3 Bxc3+ 6. bxc3 b6 7. Qg4 Ng6 8. h4 h5 9. Qg3 Ba6 10. Bxa6 Nxa6 11. Ne2 {[%emt 0:05:44] C16: French: 3 Nc3 Bb4 4 e5: Lines without ...c5} Qd7 12. Qd3 {[%emt 0:08:35] LiveBook: 3 Games} (12. a4 c5 13. O-O Rc8 14. Qd3 Nb8 15. Bg5 Nc6 16. Ng3 Nge7 17. Rfd1 cxd4 18. cxd4 Nf5 19. Nxf5 exf5 {1-0 (68) Hou,Y (2635)-Kramnik,V (2810) Medias 2016}) 12... Qa4 13. Bg5 Nb8 (13... c5 $11) 14. O-O Nc6 15. Ng3 Nge7 16. Qe2 $146 ({Predecessor:} 16. Rfb1 Kd7 {0-1 (64) Vajic,G (2269)-Gavric,M (2403) Banja Vrucica 2013}) 16... g6 17. Rfd1 O-O-O 18. Nf1 Rd7 19. Ne3 Kb8 20. Re1 Na5 21. f3 Qc6 22. Qd3 Nf5 23. Bf6 Rg8 24. g4 (24. Nd1 $11 {keeps the balance.}) 24... Ng7 25. Kf2 Ne8 26. gxh5 Nxf6 27. exf6 gxh5 28. Rg1 Rh8 29. Rg5 Qd6 30. Ng2 Nc4 31. a4 Rh6 32. f4 Rd8 ({Don't take} 32... Rxf6 33. Rxh5 Rd8 34. Rg5 $17) 33. Qe2 Rdh8 34. Rg1 Kb7 35. Ke1 Qa3 36. Qd3 Rxf6 37. Ke2 Qxa4 38. Rf1 Nb2 39. Qd2 $19 a5 40. Kf2 Nc4 41. Qd3 Nd6 42. Kg1 Ne4 43. Rg7 Qe8 44. c4 Qf8 45. cxd5 exd5 46. Qb3 Rd6 47. Rg5 Nxg5 48. fxg5 Qg7 49. c3 Qg6 50. Ne3 Qe4 51. Nf5 Rd7 0-1

[Event "EIWCC 2018"]
[Site "Vysoke Tatry"]
[Date "2018.04.11"]
[Round "4"]
[White "Klek, Hanna Marie"]
[Black "Motycakova, Monika"]
[Result "1/2-1/2"]
[ECO "C24"]
[WhiteElo "2327"]
[BlackElo "2207"]
[Annotator "ChessBase"]
[PlyCount "82"]
[EventDate "2018.??.??"]
[EventType "swiss"]
[EventCountry "SVK"]
[SourceTitle "playchess.com"]
[Source "ChessBase"]
[SourceQuality "1"]
[TimeControl "40/5400+30:1800+30"]

1. e4 e5 2. Bc4 Nf6 3. d3 Nc6 4. Nc3 Na5 5. Qf3 c6 6. Nge2 b5 7. Bb3 Bc5 8. Ng3 Nxb3 9. axb3 d6 10. h3 h6 11. O-O O-O 12. Nce2 Re8 13. Nf5 Bxf5 14. Qxf5 Qd7 15. Qf3 Re6 16. Ng3 d5 17. Nf5 Kh7 18. Ra6 Qb7 19. Ra2 Rd8 20. Qg3 Bf8 21. Be3 a6 22. Rfa1 d4 23. Bd2 c5 24. f4 exf4 25. Bxf4 Rd7 26. Qh4 Ng8 27. Qf2 Ne7 28. b4 Ng6 29. bxc5 Nxf4 30. Qxf4 Bxc5 31. Rf1 Ba7 32. g3 Bb8 33. Qd2 Rg6 34. Rf3 Be5 35. Kg2 Qc8 36. b3 Rc7 37. Rf2 Rc3 38. Qd1 Qc7 39. g4 Rc5 40. Kh1 Rf6 41. Qd2 Rfc6 1/2-1/2

[Event "EIWCC 2018"]
[Site "Vysoke Tatry"]
[Date "2018.04.11"]
[Round "4"]
[White "Kulon, Klaudia"]
[Black "Dwilewicz, Katarzyna"]
[Result "1-0"]
[ECO "C44"]
[WhiteElo "2319"]
[BlackElo "1967"]
[Annotator "NA"]
[PlyCount "71"]
[EventDate "2018.??.??"]
[EventType "swiss"]
[EventCountry "SVK"]
[SourceTitle "playchess.com"]
[Source "ChessBase"]
[SourceQuality "1"]
[TimeControl "40/5400+30:1800+30"]

1. e4 e5 2. Nf3 Nc6 3. d4 exd4 4. Nxd4 Bb4+ 5. c3 Be7 6. Bd3 Nf6 7. O-O O-O 8. Nf5 Bc5 9. Bg5 Ne5 10. b4 Bb6 $1 11. a4 a5 12. Bc2 h6 13. Be3 Bxe3 14. Nxe3 d6 15. h3 c6 16. Qd4 {[%emt 0:04:42] [#]} ({White should play} 16. Re1 $11) 16... Nh5 (16... Nf3+ $1 $17 17. gxf3 Bxh3) 17. f4 Ng3 $11 18. Rf2 Ng4 19. Nf1 Nxf2 20. Nxg3 Nxh3+ 21. gxh3 Qh4 22. Qf2 Bxh3 23. Nd2 Rfe8 24. Nc4 Re6 25. f5 Rf6 26. Rd1 axb4 27. cxb4 b5 28. Nb6 Re8 29. a5 d5 30. exd5 cxd5 31. Nxd5 Rd6 32. f6 gxf6 33. Ne7+ Rxe7 34. Rxd6 Re5 35. Rd8+ Kg7 36. Nf5+ 1-0

[Event "EIWCC 2018"]
[Site "Vysoke Tatry"]
[Date "2018.04.11"]
[Round "4"]
[White "Warakomska, Anna"]
[Black "Richterova, Natasa"]
[Result "1-0"]
[ECO "D00"]
[WhiteElo "2306"]
[BlackElo "2181"]
[Annotator "NA"]
[PlyCount "89"]
[EventDate "2018.??.??"]
[EventType "swiss"]
[EventCountry "SVK"]
[SourceTitle "playchess.com"]
[Source "ChessBase"]
[SourceQuality "1"]
[TimeControl "40/5400+30:1800+30"]

1. d4 d5 2. Bf4 Nf6 3. e3 Bf5 4. c4 c6 5. Nc3 e6 {[%emt 0:01:29] D10: Slav Defence: 3 cxd5 (without early Nf3) and 3 Nc3} 6. Qb3 (6. Nf3 Nbd7 7. Be2 Be7 8. h3 h6 9. O-O O-O 10. a3 a6 11. Rc1 Ne4 12. Qb3 Qb6 13. Qa2 Rac8 14. Rfd1 Rfd8 15. b4 dxc4 16. Nxe4 Bxe4 17. Nd2 Bd3 18. Nxc4 Bxc4 19. Rxc4 {1-0 (59) Laznicka,V (2647)-Short,N (2678) Riadh 2017}) 6... Qb6 7. c5 Qxb3 8. axb3 Nbd7 9. b4 Nh5 {[%emt 0:01:08] LiveBook: 7 Games} 10. b5 (10. Bc7 $16) 10... e5 $2 (10... Nxf4 $11 {and Black is okay.} 11. exf4 Be7) 11. Bxe5 Nxe5 12. dxe5 g5 13. Be2 Ng7 $146 14. b4 Be7 (14... Bd7 $16 {might work better.} 15. Nf3 Ne6) 15. Nf3 Ne6 16. O-O f6 17. bxc6 bxc6 18. Ra6 fxe5 (18... Rc8 $142 19. Rxa7 Bd8) 19. Nxe5 d4 20. exd4 Nxd4 21. Bh5+ Kf8 22. Rd1 Bf6 23. Nf7 Rg8 24. Nd5 cxd5 25. Rxf6 Kg7 26. Ra6 Nc2 27. Nd6 Rgf8 28. b5 Nb4 29. Nxf5+ Rxf5 30. Ra4 a5 31. bxa6 Nc6 32. Bf3 $18 Re5 33. g3 Ra7 34. Rxd5 Re1+ 35. Kg2 Ne5 36. Be4 Kf6 37. Rd6+ Kg7 38. Bb7 Rc1 39. Rd5 Kf6 40. Re4 Nc4 41. c6 Nb6 42. Rd6+ Kf5 43. Re8 Nc4 44. Rd5+ Kf6 45. c7 1-0

[Event "EIWCC 2018"]
[Site "Vysoke Tatry"]
[Date "2018.04.11"]
[Round "4"]
[White "Gvanceladze, Anna"]
[Black "Arabidze, Meri"]
[Result "0-1"]
[ECO "B40"]
[WhiteElo "2302"]
[BlackElo "2393"]
[Annotator "NA"]
[PlyCount "120"]
[EventDate "2018.??.??"]
[EventType "swiss"]
[EventCountry "SVK"]
[SourceTitle "playchess.com"]
[Source "ChessBase"]
[SourceQuality "1"]
[TimeControl "40/5400+30:1800+30"]

1. e4 c5 2. Nf3 e6 3. g3 d5 4. exd5 exd5 5. d4 Bd6 {[%emt 0:02:54] B40: Sicilian: 2...e6, Unusual lines} (5... Nf6 6. Bg2 Be7 7. O-O O-O 8. dxc5 Bxc5 9. Nc3 Nc6 10. a3 a6 11. b4 Ba7 12. Qd3 h6 13. Bb2 Ne7 14. Rad1 Bf5 15. Qd2 Ne4 16. Nxe4 Bxe4 17. Bd4 Bxd4 18. Nxd4 Bxg2 19. Kxg2 {1-0 (54) Kobalia,M (2596)-Rublevsky,S (2683) Sochi 2017}) 6. Bg2 Ne7 7. O-O O-O 8. Nc3 a6 9. Bg5 $146 ({Predecessor:} 9. Re1 Nbc6 10. Bg5 f6 11. Be3 c4 12. Nh4 Bc7 13. Qh5 {0-1 (61) Frei,A (1747)-Pineiro,D (2180) Villa Martelli 2011}) 9... f6 10. Be3 c4 11. Nd2 Be6 12. Re1 Bf7 13. Qf3 Nbc6 14. Ne2 {[%emt 0:09:56] [#]} Nb4 $1 15. Rec1 {[%emt 0:01:13] [#]} Bg6 $1 16. c3 Nc2 17. Rab1 Nxe3 18. fxe3 Bxb1 19. Rxb1 Qa5 20. e4 Qxa2 21. Nf4 Bxf4 $1 22. Qxf4 Rad8 23. Qc7 Qa4 24. Qxe7 Qc2 25. Qxb7 Qxd2 26. exd5 Rfe8 27. Rf1 Rb8 28. Qc6 Qxb2 29. Qxc4 Rec8 30. Qxa6 Qxc3 31. Qe6+ Kh8 32. Qe4 Re8 33. Qh4 Rb4 34. Rd1 Re1+ 35. Rxe1 Qxe1+ 36. Bf1 Qe3+ 37. Kg2 Rxd4 38. Qh5 Qe4+ 39. Kg1 Rxd5 40. Qe2 Qxe2 41. Bxe2 Rd2 42. Kf2 g6 43. Ke3 Ra2 44. h4 Kg7 45. Bc4 $19 Ra3+ 46. Kf2 f5 47. Bd5 Kf6 48. Kg2 h6 49. Kf2 Ke5 50. Bf7 g5 51. hxg5 hxg5 52. Bg6 Ra2+ 53. Ke3 Ra6 54. Be8 Ra3+ 55. Kf2 Rc3 56. Ba4 f4 57. gxf4+ Kxf4 58. Kg2 Rd3 59. Bc6 Rd2+ 60. Kg1 Kg3 0-1

[Event "EIWCC 2018"]
[Site "Vysoke Tatry"]
[Date "2018.04.11"]
[Round "4"]
[White "Kursova, Maria"]
[Black "Sucikova, Svetlana"]
[Result "1-0"]
[ECO "D27"]
[WhiteElo "2278"]
[BlackElo "2107"]
[Annotator "NA"]
[PlyCount "81"]
[EventDate "2018.??.??"]
[EventType "swiss"]
[EventCountry "SVK"]
[SourceTitle "playchess.com"]
[Source "ChessBase"]
[SourceQuality "1"]
[TimeControl "40/5400+30:1800+30"]

1. d4 d5 2. Nf3 Nf6 3. c4 dxc4 4. e3 e6 5. Bxc4 c5 6. O-O a6 7. b3 b5 8. Be2 Bb7 9. Bb2 Nbd7 10. Nbd2 Be7 11. a4 b4 12. Rc1 {[%emt 0:03:58] D27: Queen's Gambit Accepted: Classical main line: 7 e4!? and 7 a4} Rc8 {[%emt 0:03:31] LiveBook: 3 Games} (12... O-O 13. dxc5 Bxc5 14. Ne5 Rc8 15. Bf3 Nd5 16. Nxd7 Qxd7 17. Nc4 Qe7 18. Qe2 Ba7 19. g3 Bb8 {½-½ (58) Aronian,L (2793)-Caruana,F (2808) Stavanger 2017}) 13. Rc2 O-O 14. Qa1 $146 ({Predecessor:} 14. Qb1 cxd4 15. Rxc8 Qxc8 16. Rc1 Qa8 17. Bxd4 Nd5 18. e4 Nf4 19. Bf1 Nf6 {0-1 (51) Kislik,E (2362)-Hera,I (2566) Budapest 2014}) 14... cxd4 15. Rxc8 Qxc8 16. Bxd4 Qa8 17. Nc4 Rd8 18. Rc1 Bd5 19. a5 Qb7 20. Ne1 $11 Bc5 21. Nb6 Bxd4 22. Qxd4 Bxb3 23. Qxb4 Ba2 24. Ra1 Bd5 25. Nxd5 Qxd5 26. Bxa6 Rb8 27. Qd4 Qxd4 28. exd4 Nd5 29. g3 Nb4 30. Bc4 Ra8 31. Ra4 Nc6 32. Bb5 Ndb8 33. a6 Kf8 34. Nf3 Ke7 35. Ne5 Nxe5 36. dxe5 Ra7 37. Rd4 Rc7 38. Rd6 Ra7 39. Kg2 g5 40. Kf3 f6 41. Rb6 1-0

[Event "EIWCC 2018"]
[Site "Vysoke Tatry"]
[Date "2018.04.11"]
[Round "4"]
[White "Mamedjarova, Turkan"]
[Black "Schleining, Zoya"]
[Result "1/2-1/2"]
[ECO "D01"]
[WhiteElo "2274"]
[BlackElo "2382"]
[Annotator "NA"]
[PlyCount "66"]
[EventDate "2018.??.??"]
[EventType "swiss"]
[EventCountry "SVK"]
[SourceTitle "playchess.com"]
[Source "ChessBase"]
[SourceQuality "1"]
[TimeControl "40/5400+30:1800+30"]

1. d4 Nf6 2. Nc3 d5 3. Bg5 Nbd7 4. e3 e6 5. Nf3 h6 {[%emt 0:02:43] D01: Veresov Opening} (5... c5 6. dxc5 Bxc5 7. Bd3 h6 8. Bh4 Be7 9. O-O O-O 10. Qe2 Nc5 11. Rfd1 b6 12. Ne5 Bb7 13. Nb5 {½-½ (114) Sean,W (2403)-Shyam,S (2536) Ho Chi Minh City 2017}) 6. Bf4 a6 7. Bd3 {[%emt 0:00:52] LiveBook: 5 Games} c5 8. O-O c4 9. Be2 b5 10. a3 Bb7 11. Ne5 Be7 $146 ({Predecessor:} 11... Nxe5 12. Bxe5 Be7 13. Re1 {0-1 (53) Galue,M (2007)-Pereira,N (2051) ICCF email 2014}) 12. Bg3 Nxe5 13. Bxe5 O-O 14. Bxf6 Bxf6 15. f4 Bc6 16. Bg4 Qb6 17. Kh1 g6 18. Bf3 a5 19. g4 b4 20. Ne2 bxa3 21. bxa3 Rab8 22. Qd2 Qd8 {[%emt 0:02:41] [#]} 23. f5 $1 Bg5 24. Bg2 exf5 25. gxf5 Qd6 26. Nf4 Rbe8 27. fxg6 fxg6 28. Qxa5 Rxe3 29. Bxd5+ Bxd5+ 30. Qxd5+ Qxd5+ 31. Nxd5 Rxf1+ 32. Rxf1 Rxa3 33. c3 Bd2 1/2-1/2

[Event "EIWCC 2018"]
[Site "Vysoke Tatry"]
[Date "2018.04.11"]
[Round "4"]
[White "Rodshtein, Tereza"]
[Black "Kaliadzich, Maryia"]
[Result "1/2-1/2"]
[ECO "B19"]
[WhiteElo "2226"]
[BlackElo "2078"]
[Annotator "ChessBase"]
[PlyCount "92"]
[EventDate "2018.??.??"]
[EventType "swiss"]
[EventCountry "SVK"]
[SourceTitle "playchess.com"]
[Source "ChessBase"]
[SourceQuality "1"]
[TimeControl "40/5400+30:1800+30"]

1. e4 c6 2. d4 d5 3. Nd2 dxe4 4. Nxe4 Bf5 5. Ng3 Bg6 6. h4 h6 7. Nf3 Nd7 8. h5 Bh7 9. Bd3 Bxd3 10. Qxd3 Ngf6 11. Bd2 e6 12. O-O-O Qc7 13. Kb1 O-O-O 14. Ne4 c5 15. Nxf6 Nxf6 16. Qc4 Nd5 17. Rh4 cxd4 18. Qa4 Bc5 19. Nxd4 Nb6 20. Nb5 Nxa4 21. Nxc7 Nxb2 22. Kxb2 Kxc7 23. Rf4 Rhf8 24. Ba5+ b6 25. Rxd8 Kxd8 26. Bc3 f6 27. Re4 Ke7 28. Ra4 a5 29. Rc4 Rc8 30. a4 Kd6 31. Kb3 Rc7 32. f4 Kd5 33. g4 Rb7 34. Bd2 b5 35. Rc3 bxa4+ 36. Kxa4 Rb4+ 37. Kxa5 Rd4 38. Rxc5+ Kxc5 39. Be3 Kc4 40. Bxd4 Kxd4 41. Kb5 Kc3 42. Kc5 Kxc2 43. Kd6 Kd3 44. Kxe6 Ke4 45. Kf7 Kxf4 46. Kxg7 Kxg4 1/2-1/2

[Event "EIWCC 2018"]
[Site "Vysoke Tatry"]
[Date "2018.04.11"]
[Round "4"]
[White "Mikadze, Miranda"]
[Black "Osmak, Iulija"]
[Result "0-1"]
[ECO "C16"]
[WhiteElo "2216"]
[BlackElo "2361"]
[Annotator "NA"]
[PlyCount "68"]
[EventDate "2018.??.??"]
[EventType "swiss"]
[EventCountry "SVK"]
[SourceTitle "playchess.com"]
[Source "ChessBase"]
[SourceQuality "1"]
[TimeControl "40/5400+30:1800+30"]

1. e4 e6 2. d4 d5 3. Nc3 Bb4 4. e5 Ne7 5. Bd2 b6 6. a3 Bxc3 {[%emt 0:00:13] C16: French: 3 Nc3 Bb4 4 e5: Lines without ...c5} 7. Bxc3 Ba6 8. Bxa6 Nxa6 9. Bd2 $146 ({Predecessor:} 9. Qd3 Nb8 10. O-O-O Qd7 11. Ne2 O-O 12. g4 c5 13. f4 Nbc6 14. Rdf1 {1-0 (54) Munguntuul,B (2397)-Socko,M (2471) Riadh 2017}) 9... c5 10. c3 O-O 11. Ne2 Qd7 12. O-O Rac8 13. Ng3 cxd4 14. cxd4 Rc4 15. Bc3 Nc7 16. a4 b5 17. axb5 Nxb5 18. Ne2 Nf5 19. Qd3 Nxc3 20. bxc3 Rb8 21. Rfb1 Qc7 22. g3 Ne7 23. Qc2 g6 24. h4 h5 25. Kg2 Rxb1 26. Qxb1 Rc6 27. Ra3 Rb6 $11 28. Qa2 Nc6 29. Nc1 Nxd4 30. cxd4 Qxc1 31. Rxa7 Rb1 32. Ra8+ Kg7 33. Kf3 Qd1+ 34. Kf4 Qxd4+ 0-1

[Event "EIWCC 2018"]
[Site "Vysoke Tatry"]
[Date "2018.04.11"]
[Round "4"]
[White "Zherebtsova, Alexandra"]
[Black "Michna, Marta"]
[Result "1-0"]
[ECO "A40"]
[WhiteElo "2202"]
[BlackElo "2367"]
[Annotator "NA"]
[PlyCount "59"]
[EventDate "2018.??.??"]
[EventType "swiss"]
[EventCountry "SVK"]
[SourceTitle "playchess.com"]
[Source "ChessBase"]
[SourceQuality "1"]
[TimeControl "40/5400+30:1800+30"]

1. d4 e6 2. Nf3 b6 3. e4 Bb7 4. Bd3 c5 5. c3 d6 6. O-O Nd7 7. Qe2 Ngf6 8. a4 Be7 9. Nbd2 d5 (9... Qc7 $14) 10. e5 Nh5 {[%emt 0:00:26] [#]} 11. Nb1 $1 g6 {[%emt 0:01:50] [#]} 12. g4 (12. Bh6 $142 $1) 12... Ng7 $1 13. Bh6 O-O 14. Nbd2 Qc7 15. h4 Rae8 {[%emt 0:03:50] [#]} (15... f6 $14) 16. h5 $18 f5 17. exf6 Rxf6 18. hxg6 Nf8 19. Qe5 Qd8 20. gxh7+ Nxh7 21. Bxg7 Kxg7 22. g5 Rg8 23. gxf6+ Kf7+ 24. Kh1 Nxf6 25. Ng5+ Rxg5 26. Qxg5 Qh8+ 27. Kg2 Ne4 28. Qf4+ Bf6 29. Nxe4 dxe4 30. Bxe4 1-0

[Event "EIWCC 2018"]
[Site "Vysoke Tatry"]
[Date "2018.04.11"]
[Round "4"]
[White "Ghukasyan, Siranush"]
[Black "Sliwicka, Alicja"]
[Result "1-0"]
[ECO "B56"]
[WhiteElo "2195"]
[BlackElo "2329"]
[Annotator "NA"]
[PlyCount "85"]
[EventDate "2018.??.??"]
[EventType "swiss"]
[EventCountry "SVK"]
[SourceTitle "playchess.com"]
[Source "ChessBase"]
[SourceQuality "1"]
[TimeControl "40/5400+30:1800+30"]

1. e4 c5 2. Nf3 d6 3. d4 cxd4 4. Nxd4 Nf6 5. Nc3 Bd7 6. Be2 e5 {[%emt 0:00:17] B56: Classical Sicilian: Unusual Lines} (6... Nc6 7. Be3 e6 8. g4 h6 9. f4 Nxd4 10. Qxd4 e5 11. fxe5 Nxg4 12. O-O-O Nxe3 13. Qxe3 Qg5 14. Qxg5 hxg5 15. exd6 O-O-O {½-½ (32) So,W (2812)-Carlsen,M (2832) Leuven 2017}) 7. Nf3 Bc6 8. Bg5 Nbd7 9. Nd2 Be7 10. Nc4 $146 ({Predecessor:} 10. Be3 Nb6 11. O-O d5 12. Bxb6 axb6 13. exd5 Nxd5 14. Nxd5 Qxd5 {0-1 (30) Ziemniak,P (1838)-Sliwicka,A (2003) Jastrzebia Gora 2015}) 10... Qc7 11. Ne3 h6 12. Bxf6 Nxf6 13. Bf3 O-O 14. O-O b5 15. a3 a5 16. Qd2 Qb7 17. Nf5 Rfd8 18. Rfd1 Bf8 19. Qd3 b4 20. axb4 axb4 21. Nd5 Nxd5 22. exd5 Bd7 23. Ne3 g6 24. Qb3 f5 25. c3 Rdb8 26. c4 Kh7 27. c5 dxc5 28. d6 e4 29. Rxa8 Rxa8 30. Qf7+ Bg7 31. Nd5 Kh8 {[%emt 0:05:18] [#]} 32. Nc7 $11 ({White should play} 32. Be2 $1 $16 Rf8 33. Qxg6) 32... Rf8 33. Qxd7 exf3 34. Qe7 Qe4 35. h3 Rg8 36. Re1 Qc2 37. Ne6 Qxb2 38. Nxg7 Qxg7 39. d7 Qd4 40. Qe5+ Qxe5 41. Rxe5 b3 42. Re8 b2 43. Rxg8+ 1-0

[Event "EIWCC 2018"]
[Site "Vysoke Tatry"]
[Date "2018.04.11"]
[Round "4"]
[White "Petrenko, Svetlana"]
[Black "Mkrtchian, Lilit"]
[Result "1/2-1/2"]
[ECO "A36"]
[WhiteElo "2178"]
[BlackElo "2403"]
[Annotator "ChessBase"]
[PlyCount "54"]
[EventDate "2018.??.??"]
[EventType "swiss"]
[EventCountry "SVK"]
[SourceTitle "playchess.com"]
[Source "ChessBase"]
[SourceQuality "1"]
[TimeControl "40/5400+30:1800+30"]

1. c4 c5 2. Nc3 g6 3. g3 Bg7 4. Bg2 Nc6 5. e4 b6 6. d3 Bb7 7. Nge2 d6 8. O-O e6 9. Be3 Nd4 10. Bxd4 cxd4 11. Qa4+ Ke7 12. Nb5 e5 13. f4 a6 14. Na3 Nh6 15. h3 Re8 16. Qb4 f6 17. Rf2 Qc7 18. Raf1 Qc5 19. Qd2 Nf7 20. b4 Qc7 21. Qb2 Kf8 22. g4 Kg8 23. h4 Re7 24. f5 g5 25. h5 Ree8 26. Bf3 Rec8 27. Rc1 Qd7 1/2-1/2

[Event "EIWCC 2018"]
[Site "Vysoke Tatry"]
[Date "2018.04.11"]
[Round "4"]
[White "Vidic, Teja"]
[Black "Fataliyeva, Ulviyya"]
[Result "0-1"]
[ECO "C03"]
[WhiteElo "2176"]
[BlackElo "2361"]
[Annotator "NA"]
[PlyCount "82"]
[EventDate "2018.??.??"]
[EventType "swiss"]
[EventCountry "SVK"]
[SourceTitle "playchess.com"]
[Source "ChessBase"]
[SourceQuality "1"]
[TimeControl "40/5400+30:1800+30"]

1. e4 e6 2. d4 d5 3. Nd2 a6 4. Ngf3 c5 5. exd5 {[%emt 0:01:02] LiveBook: 801 Games} exd5 6. Be2 Nf6 7. O-O Be7 8. dxc5 Bxc5 9. Nb3 Bb6 10. Bg5 {[%emt 0:02:51] C08: French Tarrasch: 3...c5 4 exd5 exd5 sidelines} O-O 11. Nfd4 Nc6 12. c3 h6 13. Bh4 Re8 14. Bf3 g5 15. Bg3 Ne5 $146 ({Predecessor:} 15... Ne4 16. Bxe4 dxe4 17. Qh5 Qf6 18. Nxc6 bxc6 {½-½ (43) Yemelin,V (2574)-Kanovsky,D (2419) Czechia 2015}) 16. Re1 Bc7 17. h4 g4 $1 18. Be2 Ne4 19. Bd3 $1 f5 20. Ne2 Be6 21. Nbd4 Bd7 (21... Qf6 $11) 22. Rc1 ({Better is} 22. Bxe4 $16 dxe4 23. Qb3+ Kh8 24. Nf4 (24. Qxb7 Rb8 $14)) 22... Kh7 23. Bc2 Nc4 24. Bxe4 fxe4 25. Qc2 Rf8 26. b3 Ne5 27. c4 Nd3 28. cxd5 Bxg3 29. Nxg3 $15 (29. fxg3 $11 Rc8 30. Qb1) 29... Rxf2 30. Re2 Rc8 31. Nc6 bxc6 32. Nxe4 cxd5 33. Qxd3 Rxc1+ 34. Kxf2 dxe4 35. Qxe4+ Kh8 36. Qd4+ Kg8 37. Qd5+ Kg7 38. Rd2 Qf6+ 39. Ke3 Re1+ 40. Kd3 Bf5+ 41. Kc4 Be6 {[%emt 0:00:26] Kd4} 0-1

[Event "EIWCC 2018"]
[Site "Vysoke Tatry"]
[Date "2018.04.11"]
[Round "4"]
[White "Batyte, Daiva"]
[Black "Brunello, Marina"]
[Result "0-1"]
[ECO "A21"]
[WhiteElo "2165"]
[BlackElo "2307"]
[Annotator "RC"]
[PlyCount "138"]
[EventDate "2018.??.??"]
[EventType "swiss"]
[EventCountry "SVK"]
[SourceTitle "playchess.com"]
[Source "ChessBase"]
[SourceQuality "1"]
[TimeControl "40/5400+30:1800+30"]

1. c4 e5 2. Nc3 Bb4 3. Nd5 Bc5 4. e3 Nf6 5. Nc3 d5 6. cxd5 Nxd5 7. Nf3 Nc6 8. d3 Be6 9. Be2 O-O 10. O-O Be7 11. e4 Nb6 12. Be3 Bf6 13. Na4 Nxa4 14. Qxa4 Qd6 15. Rac1 Rfd8 16. Ng5 Bxg5 17. Bxg5 Nd4 18. Bd1 f6 19. Be3 Qe7 20. Qa5 b6 21. Qc3 c5 22. a3 a5 23. f4 h6 24. Qe1 Kh8 25. Qh4 Ra7 26. Kh1 Kh7 27. Bh5 exf4 28. Qxf4 Nc6 29. Rcd1 Rad7 30. Qg3 Ne5 31. d4 cxd4 32. Bf4 Bc4 33. Rf2 a4 34. h3 b5 35. Rfd2 Bf7 36. Bxf7 Nxf7 37. Qd3 Rb7 38. e5+ Kg8 39. exf6 Qxf6 40. Qf3 Rbd7 41. Qg3 Rd5 42. Bc7 R8d7 43. Re2 Qg5 44. Qxg5 Nxg5 45. Bb6 R7d6 46. Ba7 Kf7 47. Rd3 Kg6 48. Kh2 Ne6 49. Re4 Kf5 50. Rg4 g5 51. Bb8 h5 52. Rf3+ Nf4 53. Rgg3 h4 54. Rg4 d3 55. Bxd6 Rxd6 56. Rf1 Re6 57. Rc1 Re5 58. Rd1 Re2 59. Rxf4+ gxf4 60. Rxd3 Ke4 61. Rd7 f3 62. Kg1 Rxg2+ 63. Kf1 Rxb2 64. Rh7 Ke3 65. Re7+ Kf4 66. Rg7 b4 67. axb4 a3 68. b5 a2 69. Ra7 Rb1+ 0-1